 Dungeon Sprint DCSS version 0.24.0-123-gd5b16e6ec5 (webtiles) character file.

Game seed: 4555307571382300853, levelgen mode: deterministic

1100000 FessEmpty the Slayer (level 16, -46/128 HPs)
             Began as a Gargoyle Berserker on Jan 6, 2020.
             Was a Priest of Trog.
             Annihilated by a meat berserker
             ... wielding a +9 battleaxe
              (68 damage)
             ... in the Dungeon (Sprint VIII: "Arena of Blood").
             The game lasted 00:00:33 (11 turns).

FessEmpty the Slayer (Gargoyle Berserker)             Turns: 11, Time: 00:00:34

Health: -46/128    AC: 16    Str: 28    XL:     16   Next: 43%
Magic:  16/16      EV: 22    Int:  8    God:    Trog [***...]
Gold:   0          SH:  0    Dex:  9    Spells: 15/15 levels left

rFire    . . .     SeeInvis .   j - +∞ Axe of Woe
rCold    . . .     Gourm    .   (shield currently unavailable)
rNeg     + . .     Faith    .   b - +0 animal skin
rPois    ∞         Spirit   .   (no helmet)
rElec    +         Reflect  .   (no cloak)
rCorr    .         Harm     .   (no gloves)
MR       +....     NoTele   +   (no boots)
Stlth    +.........             (no amulet)
HPRegen  0.31/turn              (no ring)
MPRegen  0.15/turn              (no ring)

@: no status effects
A: big wings, negative energy resistance 1, electricity resistance, unbreathing,
petrification resistance, rot immunity, AC +12
a: Fly, Berserk, Trog's Hand, Renounce Religion


You were in the Dungeon.
You worshipped Trog.
Trog was most pleased with you.
You were not hungry.

You visited 1 branch

Inventory:

Hand Weapons
 a - a +0 mace
 j - the +∞ Axe of Woe (weapon)
   (You found it in the Dungeon)
Armour
 b - a +0 animal skin (worn)
Scrolls
 i - a scroll of blinking
Potions
 d - a potion of curing
 e - a potion of heal wounds
 f - a potion of haste
 g - 2 potions of magic
 h - a potion of berserk rage
Comestibles
 c - a ration


   Skills:
 + Level 24.5 Fighting
 + Level 22.8 Maces & Flails
 + Level 24.4 Armour
 + Level 19.8 Dodging


You had 15 spell levels left.
You didn't know any spells.
Your spell library was empty.

Dungeon Overview and Level Annotations

Branches:
Dungeon (1/1)

Altars:
Makhleb


Innate Abilities, Weirdness & Mutations

You are resistant to torment.
Your stone body is resilient. (AC +12)
You are immune to poison.
Your large and strong wings let you fly indefinitely.
You resist negative energy. (rN+)
You are resistant to electric shocks. (rElec)
You can survive without breathing.
You are immune to petrification.
You are immune to rotting.


Message History

------------------------------------------------------------------------------ ------------------------------------------------------------------------------ -- -- -- The Arena Of Blood -- -- -- -- -- -- -- -- You descend into the pit of gibs and meat, -- -- The sunken abyss of the depraved, -- -- The mill of turgid gutspawn. -- -- The writhen instruments serve in adoration, -- -- Immured beneath a rotten throne. -- -- -- -- Before you lies the servitor of chaos, -- -- The cleaver, -- -- The blasphemer, -- -- The destroyer, -- -- The Axe of Woe. -- -- -- -- Vessel of Makhleb, -- -- You are the unmaker, -- -- You bring the rapture, -- -- The murmurs of the thralls rise... -- -- The theatre of blood begins. -- -- -- ------------------------------------------------------------------------------ ------------------------------------------------------------------------------ Welcome, FessEmpty the Gargoyle Berserker.
Trog says: Kill them all!
Press ? for a list of commands and other information.
Found the +∞ Axe of Woe.
Found four burning altars of Makhleb.
Found a staircase leading out of the dungeon.
Welcome back, FessEmpty the Gargoyle Berserker.
Trog says: Kill them all!
Press ? for a list of commands and other information.
j - the +∞ Axe of Woe
There are no items here.
j - the +∞ Axe of Woe (weapon)
You hear a shout! x9
A bag of meat comes into view. It is wielding a +9 war axe. x2
You hear a shout! x6
The bag of meat shouts!
You hear a shout! x4
You hear a shout! x3
A bag of meat comes into view. It is wielding a +9 war axe.
You hear a shout!
A bag of meat comes into view. It is wielding a +9 war axe.
You hear a shout! x2
The bag of meat shouts!
You hear a shout! x6
You hit the bag of meat.
You slaughter the bag of meat joyfully.
You kill the bag of meat!
Trog accepts your kill.
Your Fighting skill gained 12 levels and is now at level 15!
Your Maces & Flails skill gained 11 levels and is now at level 14!
Your Armour skill gained 13 levels and is now at level 15!
Your Dodging skill gained 11 levels and is now at level 12!
You have reached level 2!
You have reached level 3!
Your experience leads to an increase in your attributes!
Increase (S)trength, (I)ntelligence, or (D)exterity?
You feel stronger.
You have reached level 4!
You feel clever.
You have reached level 5!
You have reached level 6!
Your experience leads to an increase in your attributes!
Increase (S)trength, (I)ntelligence, or (D)exterity?
You feel stronger.
You have reached level 7!
You have reached level 8!
You feel stronger.
You have reached level 9!
Your experience leads to an increase in your attributes!
Increase (S)trength, (I)ntelligence, or (D)exterity?
You feel stronger.
You have reached level 10!
You have reached level 11!
You have reached level 12!
Your experience leads to an increase in your attributes!
Increase (S)trength, (I)ntelligence, or (D)exterity?
You feel stronger. x2
The meat berserker appears out of thin air!
A meat berserker comes into view. It is wielding a +9 battleaxe.
The meat berserker shouts!
You hear a shout! x15
A meat berserker comes into view. It is wielding a +9 battleaxe.
You hear a shout!
The bag of meat hits you with a +9 war axe.
You slice the bag of meat!!
You dissect the bag of meat like a pig carcass.
You kill the bag of meat!
Trog accepts your kill.
You can now call upon Trog for regeneration and magic resistance.
Your Fighting skill gained 3 levels and is now at level 18!
Your Maces & Flails skill gained 2 levels and is now at level 16!
Your Armour skill gained 3 levels and is now at level 18!
Your Dodging skill gained 2 levels and is now at level 14!
You have reached level 13!
You hit the bag of meat.
You slaughter the bag of meat joyfully.
You kill the bag of meat!
Trog accepts your kill.
Your Fighting skill increases to level 19!
Your Maces & Flails skill gained 2 levels and is now at level 18!
Your Armour skill increases to level 19!
Your Dodging skill increases to level 15!
You have reached level 14!
Your wings grow larger and stronger.
The meat berserker appears out of thin air!
A meat berserker comes into view. It is wielding a +9 battleaxe.
The bag of meat appears out of thin air!
A bag of meat comes into view. It is wielding a +9 war axe.
The meat berserker shouts!
A meat berserker comes into view. It is wielding a +9 battleaxe.
You hear a shout! x3
The meat berserker rages.
You hear a shout! x5
The meat berserker closely misses you.
You hear a shout!
A meat berserker comes into view. It is wielding a +9 battleaxe.
You slice the meat berserker!!
You cleave the meat berserker in twain.
You kill the meat berserker!
Trog accepts your kill.
Your Fighting skill gained 2 levels and is now at level 21!
Your Maces & Flails skill gained 2 levels and is now at level 20!
Your Armour skill gained 2 levels and is now at level 21!
Your Dodging skill gained 2 levels and is now at level 17!
You have reached level 15!
Your experience leads to an increase in your attributes!
Increase (S)trength, (I)ntelligence, or (D)exterity?
You feel stronger.
The bag of meat appears out of thin air!
A bag of meat comes into view. It is wielding a +9 war axe.
The bag of meat shouts!
You hear a shout! x10
You slice the meat berserker!!
You dissect the meat berserker like a pig carcass.
You kill the meat berserker!
Trog accepts your kill.
Trog will now gift you ammunition as you gain piety.
Your Fighting skill gained 2 levels and is now at level 23!
Your Maces & Flails skill gained 2 levels and is now at level 22!
Your Armour skill gained 2 levels and is now at level 23!
Your Dodging skill gained 2 levels and is now at level 19!
You have reached level 16!
You feel stronger.
You slash the bag of meat! You chop the bag of meat into pieces.
You kill the bag of meat!
Trog accepts your kill.
Your Fighting skill increases to level 24!
Your Armour skill increases to level 24!
You hear a shout! x8
The meat berserker hits you with a +9 battleaxe!!!
A bag of meat comes into view. It is wielding a +9 war axe.
The meat berserker barely misses you.
You hear a shout! x7
You hear a shout! x5
The meat berserker rages.
A bag of meat comes into view. It is wielding a +9 war axe.
You hear a shout!
The meat berserker hits you with a +9 battleaxe!!!
* * * LOW HITPOINT WARNING * * *
You hear a shout!
The bag of meat shouts!
You hear a shout! x5
A bag of meat comes into view. It is wielding a +9 war axe.
You hear a shout! x2
The meat berserker hits you with a +9 battleaxe!!!
Ouch! That really hurt!
You die...

#. ...# #.. ..o#
.... .###..
...###....
......###.........
....._..........
#.....#.......
#_o<._#.......
...#.....#......#
......_@OOo......
......###O.)......
.###......)###....
#.......# ...
#.......# .
.........
.........o
...o......
.........#


You could see 3 meat berserkers and 4 bags of meat.

Vanquished Creatures
  2 ogres (D)
  4 orcs (D)
6 creatures vanquished.

Notes
Turn   | Place    | Note
-------+----------+-------------------------------------------
     0 | D        | Found the +∞ Axe of Woe
     0 | D        | FessEmpty the Gargoyle Berserker began the quest for the
                  | Orb.
     0 | D        | Reached XP level 1. HP: 14/14 MP: 1/1
     2 | D        | Noticed a bag of meat
     2 | D        | Noticed a bag of meat
     4 | D        | Noticed a bag of meat
     4 | D        | Noticed a bag of meat
     6 | D        | Killed a bag of meat
     6 | D        | Reached skill level 15 in Fighting
     6 | D        | Reached skill level 15 in Armour
     6 | D        | Reached XP level 2. HP: 36/36 MP: 2/2
     6 | D        | Reached XP level 3. HP: 40/40 MP: 3/3
     6 | D        | Reached XP level 4. HP: 46/46 MP: 4/4
     6 | D        | Reached XP level 5. HP: 51/51 MP: 5/5
     6 | D        | Reached XP level 6. HP: 56/56 MP: 6/6
     6 | D        | Reached XP level 7. HP: 61/61 MP: 7/7
     6 | D        | Reached XP level 8. HP: 68/68 MP: 8/8
     6 | D        | Reached XP level 9. HP: 72/72 MP: 9/9
     6 | D        | Reached XP level 10. HP: 78/78 MP: 10/10
     6 | D        | Reached XP level 11. HP: 83/83 MP: 11/11
     6 | D        | Reached XP level 12. HP: 88/88 MP: 12/12
     6 | D        | Noticed a meat berserker
     6 | D        | Noticed a meat berserker
     7 | D        | Killed a bag of meat
     7 | D        | Reached ** piety under Trog
     7 | D        | Reached XP level 13. HP: 90/97 MP: 13/13
     7 | D        | Killed a bag of meat
     7 | D        | Reached skill level 15 in Dodging
     7 | D        | Gained mutation: Your large and strong wings let you fly
                  | indefinitely. [Gargoyle growth]
     7 | D        | Reached XP level 14. HP: 99/106 MP: 14/14
     7 | D        | Noticed a meat berserker
     7 | D        | Noticed a meat berserker
     7 | D        | Noticed a meat berserker
     8 | D        | Noticed a bag of meat
     8 | D        | Killed a meat berserker
     8 | D        | Reached XP level 15. HP: 109/116 MP: 15/15
     9 | D        | Killed a meat berserker
     9 | D        | Reached *** piety under Trog
     9 | D        | Reached XP level 16. HP: 118/126 MP: 16/16
    11 | D        | Annihilated by a meat berserker

Levels and vault maps discovered:
D:        meatsprint

Skill      XL: |  1  2  3  4  5  6  7  8  9 10 11 12 13 14 15 16 |
---------------+-------------------------------------------------+-----
Fighting       | 15 18 19 21 23 24 | 24.5
Maces & Flails | 14 16 18 20 22 | 22.8
Armour         | 15 18 19 21 23 24 | 24.4
Dodging        | 12 14 15 17 19 | 19.8

Action                   |  1- 3 |  4- 6 |  7- 9 | 10-12 | 13-15 | 16-18 || total
-------------------------+-------+-------+-------+-------+-------+-------++-------
Melee: Executioner's axe |     1 |       |       |     1 |     2 |       ||     4
Dodge: Dodged            |       |       |       |       |     1 |     1 ||     2
